 Dungeon Crawl Stone Soup version 0.20.0 (webtiles) character file.

262 Llamajah the Shield-Bearer (level 6, 0/49 HPs)
             Began as a Formicid Fighter on June 15, 2017.
             Slain by a gnoll
             ... wielding a +0 spear
              (5 damage)
             ... on level 3 of the Dungeon.
             The game lasted 00:06:44 (2159 turns).

Llamajah the Shield-Bearer (Formicid Fighter)       Turns: 2159, Time: 00:06:46

Health: 0/49       AC:  9    Str: 23    XL:     6   Next: 42%
Magic:  6/6        EV:  7    Int:  7    God:
Gold:   132        SH: 10    Dex: 10    Spells: 5/5 levels left

rFire    . . .     SeeInvis +   a - +0 war axe
rCold    . . .     Gourm    .   c - +0 shield
rNeg     . . .     Faith    .   j - +0 chain mail
rPois    .         Spirit   .   (helmet unavailable)
rElec    .         Reflect  .   (no cloak)
rCorr    .         Harm     .   (no gloves)
MR       .....                  (no boots)
Stlth    ..........             (no amulet)
Regen    0.2/turn               (no ring)
MPRegen  0.1/turn               (no ring)

@: no status effects
A: permanent stasis, dig shafts and tunnels, four strong arms, antennae 3
a: Dig, Shaft Self


You were on level 3 of the Dungeon.
You were hungry.

You visited 1 branch of the dungeon, and saw 3 of its levels.

You collected 132 gold pieces.

Inventory:

Hand Weapons
 a - a +0 war axe (weapon)
Armour
 b - a +0 scale mail
 c - a +0 shield (worn)
 j - a +0 chain mail (worn)
Scrolls
 e - 2 scrolls of enchant armour {unknown}
 g - 3 scrolls of identify {unknown}
 k - a scroll of blinking {unknown}
 o - a scroll of fear {unknown}
 q - 2 scrolls of recharging {unknown}
 r - a scroll of remove curse {unknown}
Potions
 d - 2 potions of might
 l - a potion of mutation {unknown}
 m - 2 potions of curing
 p - a potion of flight {unknown}
Comestibles
 f - 2 bread rations
 h - 2 meat rations
 i - a royal jelly
 n - 3 chunks of flesh


   Skills:
 + Level 4.4 Fighting
 * Level 3.6 Axes
 + Level 4.1 Armour
 + Level 2.2 Dodging
 + Level 4.5 Shields


You had 5 spell levels left.
You didn't know any spells.

Dungeon Overview and Level Annotations

Branches:
Dungeon (3/15)

Altars:
Qazlal


Innate Abilities, Weirdness & Mutations

You cannot be hasted, slowed, berserked, paralysed or teleported.
You can dig through walls and to a lower floor.
Your four strong arms can wield two-handed weapons with a shield.
You have a pair of large antennae on your head. (SInv)


Message History

You hit the gnoll.
The gnoll is heavily wounded.
You block the gnoll's attack. The gnoll hits you but does no damage.
The gnoll closely misses you.
You closely miss the gnoll.
The gnoll is heavily wounded.
The gnoll hits you but does no damage.
The gnoll hits you from afar with a spear.
* * * LOW HITPOINT WARNING * * *
Your shield and chain mail prevent you from hitting the gnoll.
The gnoll is heavily wounded.
The gnoll closely misses you. You block the gnoll's attack.
The gnoll hits you but does no damage.
You hit the gnoll.
The gnoll is heavily wounded.
The gnoll hits you from afar with a spear.
* * * LOW HITPOINT WARNING * * *
The gnoll hits you but does no damage.
The gnoll hits you from afar with a spear.
You die...

#. .## ..# ########.#
.........# .........##
..........# .........(##
.......g)@g#
........)#)##
.........#.)# ###+###
.........##.##.......
.........##..#........
.........###.#.........
.........# #............
.........####...........
..................


You could see 2 gnolls.

Vanquished Creatures
  A howler monkey (D:3)
  An orc priest (D:3)
  An orc wizard (D:3)
  Natasha (twice) (D:2)
  2 gnolls (D:3)
  2 adders
  An ooze (D:2)
  A worm (D:2)
  3 dart slugs (D:1)
  2 leopard geckos (D:2)
  3 orcs (D:3)
  A ball python (D:1)
  3 giant cockroaches
  10 goblins
  3 hobgoblins
  8 bats
  6 frilled lizards
  10 kobolds
  9 rats
69 creatures vanquished.

Notes
Turn   | Place    | Note
-------+----------+-------------------------------------------
     0 | D:1      | Llamajah the Formicid Fighter began the quest for the Orb.
     0 | D:1      | Reached XP level 1. HP: 18/18 MP: 1/1
    80 | D:1      | Reached XP level 2. HP: 22/24 MP: 2/2
   411 | D:1      | Reached XP level 3. HP: 12/29 MP: 3/3
   636 | D:1      | Reached skill level 1 in Dodging
  1118 | D:2      | Found a stormy altar of Qazlal.
  1335 | D:2      | Reached XP level 4. HP: 35/37 MP: 4/4
  1365 | D:2      | Noticed Natasha
  1373 | D:2      | Killed Natasha
  1762 | D:2      | Noticed Natasha
  1764 | D:2      | Reached XP level 5. HP: 42/42 MP: 5/5
  1765 | D:2      | Killed Natasha
  2115 | D:3      | Reached XP level 6. HP: 39/49 MP: 6/6
  2159 | D:3      | Slain by a gnoll

Skill      XL: |  1  2  3  4  5 |
---------------+----------------+-----
Dodging        | 1 2 |  2.2
Shields        | 4 |  4.5
Fighting       | 4 |  4.4
Armour         | 4 |  4.1
Axes           | 3 |  3.6

Action                   |  1- 3 |  4- 6 || total
-------------------------+-------+-------++-------
Melee: War axe           |   103 |   120 ||   223
  Eat: Chunk             |     2 |     2 ||     4
Armor: Scale mail        |    18 |       ||    18
       Chain mail        |    23 |    68 ||    91
Dodge: Dodged            |    29 |    44 ||    73
Block: Shield            |    55 |    95 ||   150
